[Event "WTCC-65 2018"]
[Site "Radebeul"]
[Date "2018.07.07"]
[Round "1"]
[White "Schmidt, Bodo"]
[Black "Appelt, Gerd"]
[Result "1-0"]
[ECO "A46"]
[WhiteElo "2344"]
[BlackElo "2024"]
[Annotator "NA"]
[PlyCount "53"]
[EventDate "2018.07.07"]
[EventType "team-tourn"]
[EventCountry "GER"]
[SourceTitle "playchess.com"]
[Source "ChessBase"]
[SourceQuality "1"]
[TimeControl "40/5400+30:1800+30"]

1. d4 Nf6 2. Nf3 e6 3. e3 b6 4. Bd3 Bb7 5. O-O Be7 6. c4 O-O 7. Nc3 d5 8. cxd5 exd5 9. b3 Nbd7 10. Bb2 Re8 11. Rc1 a6 12. Ne5 Bd6 13. f4 Nf8 14. Rc2 Re7 15. Qf3 c5 16. g4 Rc8 17. g5 Bxe5 18. fxe5 Ne4 19. Nxe4 dxe4 20. Bxe4 Bxe4 21. Qxe4 Re6 22. h4 Nd7 23. d5 Rg6 24. Rcf2 Qe8 25. Rxf7 Nf6 26. R1xf6 gxf6 27. e6 1-0

[Event "WTCC-65 2018"]
[Site "Radebeul"]
[Date "2018.07.07"]
[Round "1"]
[White "Rotstein, Jefim"]
[Black "Nevednichy, Boris M"]
[Result "1/2-1/2"]
[ECO "A46"]
[WhiteElo "2318"]
[BlackElo "2115"]
[Annotator "NA"]
[PlyCount "118"]
[EventDate "2018.07.07"]
[EventType "team-tourn"]
[EventCountry "GER"]
[SourceTitle "playchess.com"]
[Source "ChessBase"]
[SourceQuality "1"]
[TimeControl "40/5400+30:1800+30"]

1. Nf3 Nf6 2. d4 e6 3. e3 b6 4. Bd3 Bb7 5. O-O d6 6. b3 g6 7. Bb2 Bg7 8. Nbd2 O-O 9. c4 Nbd7 10. e4 c5 11. d5 Re8 12. Qc2 Nh5 13. dxe6 fxe6 14. Bxg7 Nxg7 15. Rad1 e5 16. Nb1 Ne6 17. Nc3 Nd4 18. Nxd4 exd4 19. Nd5 Bxd5 20. exd5 Ne5 21. Be2 Qh4 22. h3 Rf8 23. Qd2 Qf4 24. Qxf4 Rxf4 25. g3 Re4 26. Rd2 Re8 27. Kg2 Kg7 28. Bd1 Nd7 29. Bg4 R8e7 30. Rb1 h5 31. Bxd7 Rxd7 32. a3 Rde7 33. b4 Re1 34. Rxe1 Rxe1 35. bxc5 bxc5 36. Kf3 Ra1 37. Rb2 Rxa3+ 38. Ke4 h4 39. gxh4 Rxh3 40. Rb7+ Kf6 41. Rxa7 Rxh4+ 42. Kd3 Rh3+ 43. Ke4 Rh2 44. Rd7 Rxf2 45. Rxd6+ Kg5 46. Rc6 Rf4+ 47. Kd3 Rf3+ 48. Ke2 Rc3 49. Rxc5 Kf6 50. d6 Ke6 51. Rd5 Re3+ 52. Kd2 Kd7 53. Rxd4 Re8 54. Kc3 Kc6 55. d7 Rd8 56. Rg4 Rxd7 57. Rxg6+ Kc5 58. Rg8 Rd1 59. Rc8+ Kb6 1/2-1/2

[Event "WTCC-65 2018"]
[Site "Radebeul"]
[Date "2018.07.07"]
[Round "1"]
[White "Schulze, Ulrich"]
[Black "Meissner, Werner"]
[Result "1-0"]
[ECO "E69"]
[WhiteElo "2313"]
[BlackElo "1746"]
[Annotator "NA"]
[PlyCount "66"]
[EventDate "2018.07.07"]
[EventType "team-tourn"]
[EventCountry "GER"]
[SourceTitle "playchess.com"]
[Source "ChessBase"]
[SourceQuality "1"]
[TimeControl "40/5400+30:1800+30"]

1. d4 Nf6 2. Nf3 d6 3. g3 g6 4. Bg2 Bg7 5. c4 O-O 6. Nc3 Nbd7 7. O-O c6 8. e4 e5 9. h3 Qc7 10. Re1 a5 11. b3 Re8 12. Be3 exd4 13. Nxd4 Nc5 14. Qc2 Ne6 15. Nde2 b5 16. cxb5 Rb8 17. bxc6 Ba6 18. Rad1 Nc5 19. Nd5 Nxd5 20. exd5 Rxe3 21. fxe3 Qe7 22. Nf4 Be5 23. Kh2 a4 24. Rb1 axb3 25. axb3 g5 26. b4 gxf4 27. exf4 Nd3 28. fxe5 Nxe5 29. b5 Bc8 30. b6 Qg5 31. b7 Bxh3 32. Rxe5 Qxe5 33. Bxh3 Qe6 1-0

[Event "WTCC-65 2018"]
[Site "Radebeul"]
[Date "2018.07.07"]
[Round "1"]
[White "Pushkov, Nikolai"]
[Black "Andersson, Finn"]
[Result "1-0"]
[ECO "D41"]
[WhiteElo "2311"]
[BlackElo "1729"]
[Annotator "NA"]
[PlyCount "41"]
[EventDate "2018.07.07"]
[EventType "team-tourn"]
[EventCountry "GER"]
[SourceTitle "playchess.com"]
[Source "ChessBase"]
[SourceQuality "1"]
[TimeControl "40/5400+30:1800+30"]

1. Nf3 Nf6 2. c4 e6 3. d4 d5 4. Nc3 c5 5. cxd5 Nxd5 6. e3 Nxc3 7. bxc3 cxd4 8. exd4 Qc7 9. Bd2 Be7 10. Bd3 Nd7 11. O-O O-O 12. Re1 Nf6 13. Ne5 b6 14. Qf3 Bb7 15. Qh3 Rac8 16. Rac1 Qd8 17. Bg5 g6 18. Bh6 Nd5 19. c4 Nf6 20. Bxf8 Bxf8 21. Qe3 1-0

[Event "WTCC-65 2018"]
[Site "Radebeul"]
[Date "2018.07.07"]
[Round "1"]
[White "Berry, Stephen H"]
[Black "Giulian, Philip Maurice"]
[Result "1/2-1/2"]
[ECO "A13"]
[WhiteElo "2298"]
[BlackElo "2149"]
[Annotator "NA"]
[PlyCount "52"]
[EventDate "2018.07.07"]
[EventType "team-tourn"]
[EventCountry "GER"]
[SourceTitle "playchess.com"]
[Source "ChessBase"]
[SourceQuality "1"]
[TimeControl "40/5400+30:1800+30"]

1. Nf3 d5 2. c4 e6 3. g3 Nf6 4. Bg2 d4 5. O-O c5 6. e3 Nc6 7. exd4 cxd4 8. d3 Bd6 9. Bg5 h6 10. Bxf6 Qxf6 11. Nbd2 Qe7 12. a3 a5 13. Rc1 O-O 14. Ne4 Bc7 15. c5 e5 16. Re1 Be6 17. Qe2 Rac8 18. h3 Rfe8 19. g4 f5 20. gxf5 Bxf5 21. Nh2 Rf8 22. Ng3 Be6 23. Qh5 Bf7 24. Qg4 Be6 25. Qh5 Bf7 26. Qg4 Be6 1/2-1/2

[Event "WTCC-65 2018"]
[Site "Radebeul"]
[Date "2018.07.07"]
[Round "1"]
[White "Khanukov, Boris"]
[Black "Scovitin, Albert"]
[Result "1/2-1/2"]
[ECO "D45"]
[WhiteElo "2273"]
[BlackElo "2004"]
[Annotator "NA"]
[PlyCount "192"]
[EventDate "2018.07.07"]
[EventType "team-tourn"]
[EventCountry "GER"]
[SourceTitle "playchess.com"]
[Source "ChessBase"]
[SourceQuality "1"]
[TimeControl "40/5400+30:1800+30"]

1. d4 d5 2. c4 c6 3. Nf3 Nf6 4. e3 a6 5. Nc3 e6 6. Bd3 Nbd7 7. O-O Bd6 8. e4 dxe4 9. Nxe4 Nxe4 10. Bxe4 Nf6 11. Bc2 O-O 12. Bg5 Re8 13. Qd3 g6 14. Rad1 Be7 15. Ne5 Nd7 16. Bf4 Nxe5 17. Bxe5 b5 18. c5 Ra7 19. Qf3 Rd7 20. Bb3 Bb7 21. Rfe1 Bf8 22. Qg4 Bg7 23. h4 h5 24. Qf4 Kh7 25. g3 Qe7 26. Bc2 Red8 27. Qf3 Kg8 28. b4 Bxe5 29. dxe5 Rd4 30. a3 a5 31. Qe3 Rxd1 32. Rxd1 Rxd1+ 33. Bxd1 axb4 34. axb4 Qd8 35. Bf3 Kg7 36. Kg2 Kh7 37. Kh3 Kg7 38. Kg2 Kh7 39. Kf1 Kg7 40. Ke2 Kh7 41. Be4 Kg7 42. Qc3 Kh6 43. Qa1 Kg7 44. Ke3 Kh6 45. Bf3 Kg7 46. Be4 Kh6 47. f4 Kg7 48. Bf3 Kh7 49. Qa5 Qc8 50. Qa7 Qa8 51. Qa5 Qc8 52. Be4 Kh6 53. Qb6 Kg7 54. Qa5 Qd7 55. Bf3 Kh6 56. Qa2 Kg7 57. g4 hxg4 58. Bxg4 Qd5 59. Qxd5 cxd5 60. h5 Bc6 61. Be2 Kh6 62. hxg6 Kxg6 63. Bd3+ Kh5 64. f5 Kg5 65. f6 Kh6 66. Kf4 Be8 67. Ke3 Bc6 68. Kd4 Kg5 69. Be2 Kg6 70. Bg4 Kh6 71. Ke3 Kg6 72. Kf4 Kh6 73. Bf3 Kg6 74. Kg4 Kh6 75. Kh4 Kh7 76. Kg5 Kh8 77. Be2 Kh7 78. Bd3+ Kg8 79. Kh6 Kf8 80. Bh7 Bd7 81. Bd3 Bc6 82. Kh7 Bd7 83. Kh6 Bc6 84. Bh7 Bd7 85. Kg5 Bc6 86. Kf4 Ke8 87. Kg5 Kf8 88. Kh6 Bd7 89. Kg5 Bc6 90. Kf4 Ke8 91. Bd3 Kf8 92. Be2 Kg8 93. Ke3 Kh7 94. Bh5 Kg8 95. Bg4 Kh7 96. Kd4 Kg8 {[%emt 0:00:00] Ke4} 1/2-1/2

[Event "WTCC-65 2018"]
[Site "Radebeul"]
[Date "2018.07.07"]
[Round "1"]
[White "Ackermann, Hans Werner"]
[Black "Wong, Ngiam Yee"]
[Result "0-1"]
[ECO "A04"]
[WhiteElo "2267"]
[BlackElo "2013"]
[Annotator "ChessBase"]
[PlyCount "109"]
[EventDate "2018.07.07"]
[EventType "team-tourn"]
[EventCountry "GER"]
[SourceTitle "playchess.com"]
[Source "ChessBase"]
[SourceQuality "1"]
[TimeControl "40/5400+30:1800+30"]

1. Nf3 g6 2. g3 Bg7 3. Bg2 e5 4. d3 Ne7 5. e4 d5 6. exd5 Nxd5 7. O-O O-O 8. Bg5 f6 9. Bd2 Nc6 10. Nc3 Be6 11. Re1 Qd7 12. Qc1 Rae8 13. a3 b6 14. Ne2 Bg4 15. Nc3 Nxc3 16. bxc3 Nd8 17. h4 c5 18. Nh2 Be6 19. a4 Nc6 20. Ra3 c4 21. Be3 Na5 22. d4 Bd5 23. Rd1 Bxg2 24. Kxg2 Qd5+ 25. Kg1 e4 26. Ra1 Nb7 27. Nf1 Rc8 28. Re1 Rfe8 29. Qd2 h5 30. Reb1 Kh7 31. Bf4 Qd8 32. Qe2 Bh6 33. Bxh6 Kxh6 34. Ne3 Nd6 35. Rb4 f5 36. Ng2 e3 37. fxe3 Re4 38. Rf1 Rg4 39. Rf4 Rxg3 40. Kh2 Rg4 41. Rxg4 hxg4 42. Qf2 Qc7 43. Qf4+ Kh7 44. Kg1 Ne4 45. a5 bxa5 46. Qxc7+ Rxc7 47. Ra4 Rb7 48. Nf4 Rb1+ 49. Kg2 Rb2 50. Rxa5 Rxc2+ 51. Kg1 Nd2 52. Rxa7+ Kh6 53. Kf2 Ne4+ 54. Kg1 Rxc3 55. Ra6 0-1

[Event "WTCC-65 2018"]
[Site "Radebeul"]
[Date "2018.07.07"]
[Round "1"]
[White "Giffard, Nicolas"]
[Black "Schwier, Manfred"]
[Result "1-0"]
[ECO "D11"]
[WhiteElo "2260"]
[BlackElo "2043"]
[Annotator "NA"]
[PlyCount "69"]
[EventDate "2018.07.07"]
[EventType "team-tourn"]
[EventCountry "GER"]
[SourceTitle "playchess.com"]
[Source "ChessBase"]
[SourceQuality "1"]
[TimeControl "40/5400+30:1800+30"]

1. d4 d5 2. c4 c6 3. e3 Nf6 4. Nf3 Bg4 5. h3 Bh5 6. Nc3 e6 7. g4 Bg6 8. Ne5 Nbd7 9. Nxg6 hxg6 10. Qb3 b6 11. Bg2 Bd6 12. Bd2 Rc8 13. O-O-O a5 14. Kb1 dxc4 15. Qxc4 b5 16. Qd3 Nb6 17. e4 Bb4 18. Bc1 Qd7 19. f4 a4 20. Rhf1 Rd8 21. Qc2 Rc8 22. f5 gxf5 23. gxf5 exf5 24. Rxf5 Rh5 25. Rxh5 Nxh5 26. Qd3 Rd8 27. Bf3 Nf6 28. e5 Nfd5 29. Bg4 Qe7 30. Ne4 Qf8 31. Bg5 Nc4 32. Bxd8 Kxd8 33. Rc1 f5 34. Ng5 Qe7 35. Qxf5 1-0

[Event "WTCC-65 2018"]
[Site "Radebeul"]
[Date "2018.07.07"]
[Round "1"]
[White "Stebbings, Anthony"]
[Black "Borwell, Alan Peter"]
[Result "1-0"]
[ECO "B33"]
[WhiteElo "2257"]
[BlackElo "1934"]
[Annotator "NA"]
[PlyCount "57"]
[EventDate "2018.07.07"]
[EventType "team-tourn"]
[EventCountry "GER"]
[SourceTitle "playchess.com"]
[Source "ChessBase"]
[SourceQuality "1"]
[TimeControl "40/5400+30:1800+30"]

1. e4 c5 2. Nf3 Nc6 3. d4 cxd4 4. Nxd4 Nf6 5. Nc3 e5 6. Ndb5 d6 7. Bg5 a6 8. Na3 b5 9. Nd5 Be7 10. Bxf6 Bxf6 11. c3 Bg5 12. Nc2 O-O 13. a4 bxa4 14. Rxa4 a5 15. Bc4 Kh8 16. Nce3 f5 17. Nxf5 Bxf5 18. exf5 Rb8 19. b3 e4 20. O-O Rxf5 21. Re1 Qf8 22. Ra2 Re8 23. Bb5 Ree5 24. Bxc6 Qc8 25. Nb4 e3 26. fxe3 Bxe3+ 27. Kh1 Bc5 28. Rxe5 dxe5 29. Rxa5 1-0

[Event "WTCC-65 2018"]
[Site "Radebeul"]
[Date "2018.07.07"]
[Round "1"]
[White "Kolbak, Jens"]
[Black "Sveshnikov, Evgeny"]
[Result "0-1"]
[ECO "B30"]
[WhiteElo "2191"]
[BlackElo "2464"]
[Annotator "ChessBase"]
[PlyCount "36"]
[EventDate "2018.07.07"]
[EventType "team-tourn"]
[EventCountry "GER"]
[SourceTitle "playchess.com"]
[Source "ChessBase"]
[SourceQuality "1"]
[TimeControl "40/5400+30:1800+30"]

1. e4 c5 2. Nf3 Nc6 3. Bb5 e6 4. Bxc6 bxc6 5. O-O Ne7 6. d3 Ng6 7. e5 f6 8. Re1 Be7 9. Nc3 fxe5 10. Nxe5 Nxe5 11. Rxe5 O-O 12. Qe2 d6 13. Rh5 d5 14. Bd2 Bd6 15. Na4 e5 16. c4 Qf6 17. Rc1 Bg4 18. Qd1 Qd8 0-1

[Event "WTCC-65 2018"]
[Site "Radebeul"]
[Date "2018.07.07"]
[Round "1"]
[White "Romcovici, Victor"]
[Black "Boidman, Yuri"]
[Result "0-1"]
[ECO "D04"]
[WhiteElo "2114"]
[BlackElo "2358"]
[Annotator "NA"]
[PlyCount "72"]
[EventDate "2018.07.07"]
[EventType "team-tourn"]
[EventCountry "GER"]
[SourceTitle "playchess.com"]
[Source "ChessBase"]
[SourceQuality "1"]
[TimeControl "40/5400+30:1800+30"]

1. d4 d5 2. Nf3 Nf6 3. e3 c5 4. b3 cxd4 5. exd4 Nc6 6. a3 Bg4 7. Bb2 e6 8. Nbd2 Be7 9. h3 Bf5 10. Nh4 Be4 11. Be2 h6 12. Nxe4 dxe4 13. g3 e3 14. Bf3 exf2+ 15. Kxf2 Qb6 16. Re1 Rd8 17. Bxc6+ Qxc6 18. Qe2 O-O 19. c4 b5 20. Nf3 bxc4 21. bxc4 Nd7 22. Kg2 Nb6 23. d5 Qxc4 24. dxe6 fxe6 25. Qxe6+ Rf7 26. a4 Rd3 27. Ng1 Rd2+ 28. Kh1 Qxe6 29. Rxe6 Rxb2 30. Ne2 Bc5 31. a5 Nd5 32. Re5 Rd2 33. Rc1 Bd6 34. Re6 Bc7 35. Rcc6 Bxa5 36. Rc8+ Kh7 0-1

[Event "WTCC-65 2018"]
[Site "Radebeul"]
[Date "2018.07.07"]
[Round "1"]
[White "White, Alastair F"]
[Black "Povah, Nigel Edward"]
[Result "1/2-1/2"]
[ECO "B20"]
[WhiteElo "2081"]
[BlackElo "2245"]
[Annotator "NA"]
[PlyCount "81"]
[EventDate "2018.07.07"]
[EventType "team-tourn"]
[EventCountry "GER"]
[SourceTitle "playchess.com"]
[Source "ChessBase"]
[SourceQuality "1"]
[TimeControl "40/5400+30:1800+30"]

1. e4 c5 2. b3 Nf6 3. d3 Nc6 4. Bb2 Qc7 5. g4 Qf4 6. Be2 d5 7. exd5 Nxd5 8. Qd2 Be6 9. Nc3 Nd4 10. Nxd5 Qxd2+ 11. Kxd2 Bxd5 12. f3 h5 13. g5 h4 14. c3 Nxe2 15. Kxe2 Rh5 16. Bc1 h3 17. Kf2 g6 18. Ne2 Rd8 19. Be3 Bg7 20. Rhg1 Bc6 21. Rad1 b6 22. d4 cxd4 23. Nxd4 Bd7 24. Ne2 Rh8 25. c4 Rc8 26. Rd2 e5 27. Nc3 Bf5 28. Ne4 Ke7 29. Rgd1 Rcd8 30. c5 Bxe4 31. Rxd8 Rxd8 32. Rxd8 Kxd8 33. fxe4 Kc7 34. cxb6+ axb6 35. Kg3 Bf8 36. Kxh3 Kc6 37. Kg4 b5 38. Kf3 b4 39. Ke2 Kb5 40. Kd3 Be7 41. h3 1/2-1/2

[Event "WTCC-65 2018"]
[Site "Radebeul"]
[Date "2018.07.07"]
[Round "1"]
[White "Eskandary, Jahja"]
[Black "Seret, Jean Luc"]
[Result "1/2-1/2"]
[ECO "B00"]
[WhiteElo "2047"]
[BlackElo "2353"]
[Annotator "NA"]
[PlyCount "58"]
[EventDate "2018.07.07"]
[EventType "team-tourn"]
[EventCountry "GER"]
[SourceTitle "playchess.com"]
[Source "ChessBase"]
[SourceQuality "1"]
[TimeControl "40/5400+30:1800+30"]

1. e4 b6 2. Nc3 Bb7 3. d4 e6 4. Bf4 Bb4 5. f3 d5 6. e5 Ne7 7. a3 Bxc3+ 8. bxc3 Qd7 9. Rb1 Ba6 10. Bxa6 Nxa6 11. Qd3 Nb8 12. Ne2 Nbc6 13. O-O f6 14. exf6 gxf6 15. Qa6 O-O 16. Ng3 Rf7 17. Rfe1 Re8 18. Re2 Ng6 19. Bd2 e5 20. Rbe1 Ree7 21. Qd3 exd4 22. Rxe7 Rxe7 23. Rxe7 Ncxe7 24. cxd4 a5 25. Nh5 Kf7 26. g4 Qc6 27. c3 Qa4 28. Bc1 Qb3 29. Kf2 Qa2+ 1/2-1/2

[Event "WTCC-65 2018"]
[Site "Radebeul"]
[Date "2018.07.07"]
[Round "1"]
[White "Zoephel, Heinz"]
[Black "Bernard, Christophe"]
[Result "1/2-1/2"]
[ECO "B59"]
[WhiteElo "1979"]
[BlackElo "2253"]
[Annotator "NA"]
[PlyCount "116"]
[EventDate "2018.07.07"]
[EventType "team-tourn"]
[EventCountry "GER"]
[SourceTitle "playchess.com"]
[Source "ChessBase"]
[SourceQuality "1"]
[TimeControl "40/5400+30:1800+30"]

1. e4 c5 2. Nf3 d6 3. d4 cxd4 4. Nxd4 Nf6 5. Nc3 Nc6 6. Be2 e5 7. Nb3 Be7 8. f4 O-O 9. Bf3 a5 10. a4 Be6 11. Nd5 Bxd5 12. exd5 Nb4 13. c3 e4 14. cxb4 exf3 15. Qxf3 axb4 16. Be3 Qd7 17. a5 Qb5 18. Rd1 Qc4 19. Nd4 Rfe8 20. Kf2 Ne4+ 21. Kg1 Bf6 22. g4 Rxa5 23. Kg2 Rxd5 24. b3 Qa6 25. Ra1 Ra5 26. Rxa5 Qxa5 27. Rc1 h6 28. Rc2 Qd5 29. Rc4 Nc3 30. Bf2 Re4 31. Rc8+ Kh7 32. Nf5 Re2 33. Qxd5 Nxd5 34. Kf3 Rb2 35. Nxd6 Nxf4 36. Nxf7 Ne6 37. h4 Rxb3+ 38. Ke4 Rc3 39. Rb8 Rc7 40. Rh8+ Kg6 41. Ne5+ Bxe5 42. Kxe5 Kf7 43. Ra8 b3 44. Ra4 Rc2 45. Rb4 Re2+ 46. Kd5 Rxf2 47. Rxb7+ Kf6 48. Rxb3 Rf4 49. g5+ hxg5 50. hxg5+ Nxg5 51. Rb6+ Kf5 52. Rb8 Ne4 53. Rb7 Nf6+ 54. Kd6 Rd4+ 55. Kc5 Rd7 56. Rb1 g5 57. Rf1+ Ke5 58. Kc4 g4 1/2-1/2

[Event "WTCC-65 2018"]
[Site "Radebeul"]
[Date "2018.07.07"]
[Round "1"]
[White "Jorgensen, Arne Bjorn"]
[Black "Zhelnin, Vladimir V"]
[Result "0-1"]
[ECO "E91"]
[WhiteElo "1974"]
[BlackElo "2453"]
[Annotator "ChessBase"]
[PlyCount "90"]
[EventDate "2018.07.07"]
[EventType "team-tourn"]
[EventCountry "GER"]
[SourceTitle "playchess.com"]
[Source "ChessBase"]
[SourceQuality "1"]
[TimeControl "40/5400+30:1800+30"]

1. d4 Nf6 2. Nf3 g6 3. c4 Bg7 4. Nc3 O-O 5. e4 d6 6. Be2 Nbd7 7. O-O e5 8. dxe5 dxe5 9. Bg5 h6 10. Bxf6 Qxf6 11. b4 c6 12. Qd2 Re8 13. c5 Nf8 14. Bc4 Ne6 15. Bxe6 Bxe6 16. Rfd1 a5 17. a3 Red8 18. Qe2 axb4 19. axb4 Qe7 20. Rxd8+ Rxd8 21. Rb1 Qc7 22. h3 Ra8 23. Qb2 Bc4 24. Nd2 Bd3 25. Rd1 Rd8 26. Qb3 Ba6 27. Nf3 Bf6 28. Rxd8+ Qxd8 29. Qd1 Qxd1+ 30. Nxd1 Bd3 31. Nc3 Kf8 32. Ne1 Ba6 33. Nc2 Ke7 34. g3 Ke6 35. Kg2 h5 36. h4 Bg7 37. Kf3 f5 38. Na3 Bh6 39. b5 cxb5 40. Naxb5 Kd7 41. Nd6 Bd2 42. Nd5 Kc6 43. Nf7 Kxc5 44. Nxe5 Kd4 45. exf5 gxf5 0-1

[Event "WTCC-65 2018"]
[Site "Radebeul"]
[Date "2018.07.07"]
[Round "1"]
[White "Seibt, Manfred"]
[Black "Buchal, Stephan"]
[Result "0-1"]
[ECO "E81"]
[WhiteElo "1967"]
[BlackElo "2329"]
[Annotator "NA"]
[PlyCount "90"]
[EventDate "2018.07.07"]
[EventType "team-tourn"]
[EventCountry "GER"]
[SourceTitle "playchess.com"]
[Source "ChessBase"]
[SourceQuality "1"]
[TimeControl "40/5400+30:1800+30"]

1. d4 g6 2. c4 Bg7 3. Nc3 d6 4. e4 Nf6 5. f3 O-O 6. Be3 a6 7. Qd2 Nc6 8. Nge2 Na5 9. Nc1 Nd7 10. Be2 c5 11. Nb3 Nxb3 12. axb3 e6 13. d5 exd5 14. Nxd5 Ne5 15. O-O Nc6 16. Rad1 Be6 17. Bg5 Bd4+ 18. Kh1 f6 19. Be3 Bxd5 20. exd5 Bxe3 21. Qxe3 Nd4 22. Rd2 Re8 23. Qd3 Qb6 24. Bd1 Re7 25. Qc3 a5 26. Rd3 Rae8 27. Qd2 Qb4 28. Qxb4 axb4 29. Kg1 Re3 30. Rxe3 Rxe3 31. Kf2 Rd3 32. Ke1 Kf7 33. f4 f5 34. Rg1 Kf6 35. Rf1 h6 36. h4 g5 37. hxg5+ hxg5 38. fxg5+ Kxg5 39. Rh1 Rg3 40. Kf2 Rd3 41. Ke1 Nxb3 42. Rh5+ Kg6 43. Rh8 Nd2 44. Bc2 Rd4 45. Re8 Nxc4 0-1

[Event "WTCC-65 2018"]
[Site "Radebeul"]
[Date "2018.07.07"]
[Round "1"]
[White "Van Kemenade, Rudy"]
[Black "Karasev, Vladimir I"]
[Result "0-1"]
[ECO "A02"]
[WhiteElo "1948"]
[BlackElo "2337"]
[Annotator "NA"]
[PlyCount "46"]
[EventDate "2018.07.07"]
[EventType "team-tourn"]
[EventCountry "GER"]
[SourceTitle "playchess.com"]
[Source "ChessBase"]
[SourceQuality "1"]
[TimeControl "40/5400+30:1800+30"]

1. f4 e5 2. fxe5 d6 3. exd6 Bxd6 4. Nf3 g5 5. g3 g4 6. Nh4 Be7 7. Ng2 h5 8. d4 h4 9. Bf4 h3 10. Ne3 Nf6 11. Qd3 Nc6 12. c3 Be6 13. Nd2 Qd7 14. b3 O-O-O 15. O-O-O Nh5 16. Nec4 Nxf4 17. gxf4 f5 18. Ne5 Nxe5 19. dxe5 Qc6 20. e4 Rxd3 21. Bxd3 Qxc3+ 22. Bc2 Ba3+ 23. Kb1 Qb2# 0-1

[Event "WTCC-65 2018"]
[Site "Radebeul"]
[Date "2018.07.07"]
[Round "1"]
[White "Choong, Liong On Mark"]
[Black "Baum, Bernd"]
[Result "0-1"]
[ECO "A36"]
[WhiteElo "1923"]
[BlackElo "2280"]
[Annotator "NA"]
[PlyCount "70"]
[EventDate "2018.07.07"]
[EventType "team-tourn"]
[EventCountry "GER"]
[SourceTitle "playchess.com"]
[Source "ChessBase"]
[SourceQuality "1"]
[TimeControl "40/5400+30:1800+30"]

1. c4 c5 2. g3 Nc6 3. Bg2 g6 4. Nc3 Bg7 5. d3 d6 6. Rb1 e5 7. a3 a5 8. Nf3 Nge7 9. O-O O-O 10. e3 h6 11. Ne1 Be6 12. Nd5 Rb8 13. Bd2 b5 14. b3 Qd7 15. Nc2 f5 16. Nxe7+ Nxe7 17. Bxa5 d5 18. Qe2 bxc4 19. bxc4 dxc4 20. dxc4 Qa4 21. Bc7 Bxc4 22. Qd2 Rbc8 23. Qd6 Bxf1 24. Bxf1 Qxc2 25. Bd3 Qc3 26. Rb7 Bf6 27. a4 Qa1+ 28. Bf1 Qxa4 29. Qe6+ Rf7 30. Bc4 Rcf8 31. Rb8 Kg7 32. Bxe5 Qa7 33. Re8 Ng8 34. Bd5 Rxe8 35. Qxe8 Qd7 0-1

[Event "WTCC-65 2018"]
[Site "Radebeul"]
[Date "2018.07.07"]
[Round "1"]
[White "Bhopal, Raj"]
[Black "Emerson, Roger"]
[Result "1/2-1/2"]
[ECO "B40"]
[WhiteElo "1906"]
[BlackElo "2211"]
[Annotator "NA"]
[PlyCount "55"]
[EventDate "2018.07.07"]
[EventType "team-tourn"]
[EventCountry "GER"]
[SourceTitle "playchess.com"]
[Source "ChessBase"]
[SourceQuality "1"]
[TimeControl "40/5400+30:1800+30"]

1. e4 c5 2. Nf3 e6 3. Nc3 Nc6 4. Be2 a6 5. O-O Nf6 6. Re1 Be7 7. d4 cxd4 8. Nxd4 Qc7 9. Nxc6 dxc6 10. Be3 b5 11. Bf3 e5 12. Qe2 Be6 13. Red1 O-O 14. a4 b4 15. Nb1 c5 16. Nd2 c4 17. Nf1 a5 18. Bg5 Rad8 19. Ne3 Rxd1+ 20. Rxd1 Re8 21. Bxf6 Bxf6 22. Bg4 c3 23. b3 Rd8 24. Bxe6 fxe6 25. Rd3 Rd4 26. Nc4 Qd8 27. Rxd4 exd4 28. Qd3 1/2-1/2

[Event "WTCC-65 2018"]
[Site "Radebeul"]
[Date "2018.07.07"]
[Round "1"]
[White "Seah, Eddy"]
[Black "Kierzek, Matthias"]
[Result "0-1"]
[ECO "B13"]
[WhiteElo "1900"]
[BlackElo "2247"]
[Annotator "NA"]
[PlyCount "73"]
[EventDate "2018.07.07"]
[EventType "team-tourn"]
[EventCountry "GER"]
[SourceTitle "playchess.com"]
[Source "ChessBase"]
[SourceQuality "1"]
[TimeControl "40/5400+30:1800+30"]

1. e4 c6 2. d4 d5 3. exd5 cxd5 4. Bd3 Nc6 5. c3 Qc7 6. Ne2 Bg4 7. f3 Bd7 8. Bf4 e5 9. dxe5 Nxe5 10. a4 Bd6 11. Bg3 Ne7 12. Bc2 O-O 13. b3 Rad8 14. Nd4 a6 15. O-O N7c6 16. Nf5 Bxf5 17. Bxf5 d4 18. c4 Nb4 19. Kh1 d3 20. Na3 Nec6 21. Bxd6 Rxd6 22. Qd2 Qa5 23. Be4 Qc5 24. Qf2 Qxf2 25. Rxf2 f5 26. Bxc6 bxc6 27. Rd2 Re8 28. Kg1 Rde6 29. Rad1 Re1+ 30. Kf2 R8e2+ 31. Kg3 Rxd2 32. Rxe1 Rb2 33. c5 f4+ 34. Kxf4 d2 35. Rd1 Nd5+ 36. Ke5 Ne3 37. Kd4 0-1

[Event "WTCC-65 2018"]
[Site "Radebeul"]
[Date "2018.07.07"]
[Round "1"]
[White "Belinchis, Valerii"]
[Black "Gruzmann, Boris"]
[Result "0-1"]
[ECO "E80"]
[WhiteElo "1881"]
[BlackElo "2176"]
[Annotator "NA"]
[PlyCount "96"]
[EventDate "2018.07.07"]
[EventType "team-tourn"]
[EventCountry "GER"]
[SourceTitle "playchess.com"]
[Source "ChessBase"]
[SourceQuality "1"]
[TimeControl "40/5400+30:1800+30"]

1. d4 Nf6 2. c4 g6 3. Nc3 Bg7 4. e4 d6 5. f3 Nc6 6. Be3 a6 7. Qd2 Rb8 8. Nge2 b5 9. Nc1 bxc4 10. Bxc4 e5 11. Nb3 Rb4 12. dxe5 dxe5 13. Qxd8+ Nxd8 14. Be2 Ne6 15. O-O-O O-O 16. Nc5 Nd4 17. Bf1 a5 18. Nd3 Rb7 19. Nxe5 c5 20. Nc4 Ra7 21. e5 Nd7 22. f4 f6 23. Nd6 Ba6 24. Rxd4 Bxf1 25. e6 cxd4 26. Bxd4 Ra6 27. exd7 Rxd6 28. Bc5 Rxd7 29. Bxf8 Bxg2 30. Rg1 Bc6 31. Bxg7 Kxg7 32. Rd1 Rxd1+ 33. Kxd1 Kf7 34. Ke2 Ke6 35. Ke3 Kf5 36. Ne2 Kg4 37. b3 Kh3 38. Nd4 Bd7 39. a3 Kxh2 40. b4 axb4 41. axb4 Kg3 42. b5 h5 43. b6 Bc8 44. f5 g5 45. Nc6 h4 46. Ne7 Bb7 47. Ng8 h3 48. Nxf6 h2 0-1

[Event "WTCC-65 2018"]
[Site "Radebeul"]
[Date "2018.07.08"]
[Round "2"]
[White "Rashkovsky, Nukhim N"]
[Black "Villing, Dieter"]
[Result "1-0"]
[ECO "A00"]
[WhiteElo "2483"]
[BlackElo "2113"]
[Annotator "ChessBase"]
[PlyCount "37"]
[EventDate "2018.07.07"]
[EventType "team-tourn"]
[EventCountry "GER"]
[SourceTitle "playchess.com"]
[Source "ChessBase"]
[SourceQuality "1"]
[TimeControl "40/5400+30:1800+30"]

1. Nc3 e5 2. Nf3 d6 3. d4 Nd7 4. g3 Ngf6 5. Bg2 Be7 6. O-O O-O 7. e4 c6 8. a4 a5 9. Re1 Re8 10. h3 Qc7 11. Be3 Qb8 12. Bf1 Bd8 13. Nd2 d5 14. exd5 cxd5 15. Nb5 Bb6 16. Nf3 Ne4 17. c4 Ndf6 18. dxe5 Bxe3 19. Rxe3 1-0